 Dungeon Crawl Stone Soup version 0.31.0-9-g3a7656b989 (webtiles) character file.

Game seed: 10069016939023199330

96 qw the Shooter (level 4, -4/22 HPs)
             Began as a Spriggan Hunter on Feb 2, 2024.
             Slain by an orc
             ... wielding a +0 trident
              (6 damage)
             ... on level 3 of the Dungeon.
             The game lasted 00:00:04 (1250 turns).

qw the Shooter (Spriggan Hunter)                    Turns: 1250, Time: 00:00:04

Health: -4/22      AC:  2    Str: 11    XL:     4   Next: 41%
Magic:  5/5        EV: 20    Int: 10    God:
Gold:   80         SH:  0    Dex: 20    Spells: 3/3 levels left

rFire   . . .        a - +1 shortbow
rCold   . . .        (shield currently unavailable)
rNeg    . . .        c - +0 robe
rPois   .            (helmet restricted)
rElec   +            b - scarf of Surprise {+Inv, rElec Will+ Str+4}
rCorr   .            (gloves unavailable)
SInv    +            (boots unavailable)
Will    +....        (no amulet)
Stlth   ++           (no ring)
HPRegen 0.23/turn    (no ring)
MPRegen 0.09/turn

%: no passive effects
@: about to teleport, very quick
A: very small, no large weapons, unfitting armour, see invisible, speed 3
a: Evoke Invisibility


You were on level 3 of the Dungeon.
You visited 1 branch of the dungeon, and saw 3 of its levels.

You collected 80 gold pieces.


Innate Abilities, Weirdness & Mutations

You are very small and have problems with some larger weapons.
You are too small for most types of armour.
You have supernaturally acute eyesight. (SInv)
You cover ground extremely quickly. (Speed+++)


   Skills:
 - Level 1.5 Fighting
 - Level 5.0 Ranged Weapons
 + Level 4.9 Dodging
 - Level 1.5 Stealth


You had 3 spell levels left.
You didn't know any spells.
Your spell library was empty.

Inventory:

Hand Weapons
 a - a +1 shortbow (weapon)
Armour
 b - the scarf of Surprise (worn) {+Inv, rElec Will+ Str+4}
   (You found it on level 2 of the Dungeon)

   Str+4:     It affects your strength (+4).
   rElec:     It insulates you from electricity.
   Will+:     It increases your willpower.
 c - a +0 robe (worn)
Jewellery
 f - a ring of ice
Wands
 j - a wand of flame (26)
Scrolls
 k - a scroll of identify {unknown}
Potions
 d - a potion of berserk rage {unknown}
 e - a potion of might {unknown}
 g - a potion of haste {unknown}
 h - a potion of curing
 i - 3 potions of attraction {unknown}
 l - a potion of cancellation {unknown}
 m - a potion of degeneration {unknown}

Dungeon Overview and Level Annotations

Branches:
Dungeon (3/15)

Altars:

Shops:
D:2 =


Message History

The arrow hits the orc but does no damage.
The orc barely misses you.
You shoot an arrow.
The arrow hits the orc but does no damage.
The orc closely misses you.
The orc misses you. x2; The orc closely misses you.
You shoot an arrow. The arrow hits the orc!
You kill the orc!
An orc comes into view. It is wielding a +0 mace.
The orc closely misses you.
You have reached level 4!
You shoot an arrow.
The arrow hits the orc priest but does no damage.
The orc priest hits you with a +0 morningstar.
The orc hits you from afar with a +0 trident.
You shoot an arrow.
The arrow closely misses the orc priest.
The arrow hits the orc but does no damage.
The orc misses you.
The orc priest hits you with a +0 morningstar!
You shoot an arrow. The arrow hits the orc priest.
The orc priest is lightly wounded.
The orc priest misses you. The orc closely misses you.
You shoot an arrow. The arrow hits the orc priest.
The orc priest is heavily wounded.
The orc priest misses you. The orc misses you.
You shoot an arrow. The arrow hits the orc priest!
You kill the orc priest!
The orc completely misses you.
You shoot an arrow.
The arrow hits the orc but does no damage.
The orc misses you. The orc hits you with a +0 mace.
The orc hits you from afar with a +0 trident.
1249 ||| READING scroll of teleportation.
As you read the scroll of teleportation, it crumbles to dust.
You feel strangely unstable. The orc barely misses you. The orc misses you.
You shoot an arrow. The arrow hits the orc!
You kill the orc!
The orc hits you from afar with a +0 trident.
You die...

########## ..^........#
##.###.###.# #.# #.# #.#
#.# #.# #.# # ##.###.#
#.# .## .......###.#
...##
##..##..##.#######......
#..............@)o...).
#..##..##.#######......
#....%....# ...#.
##.##..#### .##
#.##..##### #
#.##......#
#.###.###.#######
###...)...#........
...####.#.#..#####.


You could see an orc.

Vanquished Creatures
  An orc priest (D:3)
  An adder (D:2)
  A ribbon worm (D:3)
  A dart slug (D:3)
  3 orcs (D:3)
  4 ball pythons
  4 bats
  7 endoplasms
  2 giant cockroaches (D:1)
  6 goblins
  2 hobgoblins
  4 jackals (D:2)
  2 quokkas (D:1)
  3 frilled lizards
  3 kobolds
  6 rats
50 creatures vanquished.

Notes
Turn   | Place    | Note
-------+----------+-------------------------------------------
     0 | D:1      | qw the Spriggan Hunter began the quest for the Orb.
     0 | D:1      | Reached XP level 1. HP: 10/10 MP: 2/2
     0 | D:1      | 0 ||| qw: Version: 0.3-a-155-g5e7d8dd
     0 | D:1      | 0 ||| qw: Game counter: 2532
     0 | D:1      | 0 ||| qw: Melee chars always use a shield: true
     0 | D:1      | 0 ||| qw: God list: Okawaru
     0 | D:1      | 0 ||| qw: Allow faded altars: false
     0 | D:1      | 0 ||| qw: Do Orc after clearing Dungeon:15 true
     0 | D:1      | 0 ||| qw: Do second Lair branch before Depths: true
     0 | D:1      | 0 ||| qw: Lair rune preference: random
     0 | D:1      | 0 ||| qw: Goals: Normal
     0 | D:1      | 0 ||| PLANNING D:1-11
    35 | D:1      | Reached skill level 3 in Dodging
    54 | D:1      | Found Aseisyha's Distillery.
    63 | D:1      | Reached XP level 2. HP: 14/14 MP: 3/3
   252 | D:1      | Reached XP level 3. HP: 18/18 MP: 4/4
   438 | D:1      | 438 ||| READING scroll labelled PUN XUGARIE.
   442 | D:1      | 442 ||| DROPPING scroll of butterflies.
   599 | D:2      | Identified the scarf of Surprise {+Inv, rElec Will+ Str+4}
   634 | D:2      | Found Olan Ing's Jewellery Shop.
   638 | D:2      | 638 ||| SHOPLISTING +5 ring of evasion (432 gold, have 52).
   638 | D:2      | 638 ||| SHOPLISTING +6 ring of strength (432 gold, have
                  | 52).
   638 | D:2      | 638 ||| SHOPLISTING amulet of guardian spirit (360 gold,
                  | have 52).
   638 | D:2      | 638 ||| SHOPLISTING amulet of reflection (360 gold, have
                  | 52).
   638 | D:2      | 638 ||| SHOPLISTING ring of Truth {Fire +Blink Will+ Int+3}
                  | (610 gold, have 52).
   638 | D:2      | 638 ||| SHOPLISTING ring of protection from fire (300 gold,
                  | have 52).
  1089 | D:2      | 1089 ||| UPGRADING to scarf of Surprise {+Inv, rElec Will+
                  | Str+4}.
  1094 | D:2      | 1094 ||| READING scroll labelled VOACHY WUDYJE.
  1094 | D:2      | 1094 ||| ENCHANTING +0 shortbow.
  1095 | D:2      | 1095 ||| READING scroll labelled XOEKOY HUSMEUL.
  1096 | D:2      | 1096 ||| DRINKING 2 purple potions.
  1143 | D:3      | Reached skill level 5 in Ranged Weapons
  1243 | D:3      | Reached XP level 4. HP: 22/22 MP: 5/5
  1248 | D:3      | HP: 2/22 [orc/+0 trident (6)]
  1249 | D:3      | 1249 ||| READING scroll of teleportation.
  1250 | D:3      | Slain by an orc

Levels and vault maps discovered:
D:1:      noname_arrival_rooms_in_the_neighbourhood, layout_rooms, serial_shops,
          nicolae_square_shop
D:2:      layout_loops_ring, serial_shops, shop, dk_noncrumbling_2
D:3:      layout_loops_ring, basic_ecumenical_altar

Skill      XL: |  1  2  3 |
---------------+----------+-----
Dodging        | 3 4 |  4.9
Ranged Weapons | 5 |  5.0
Fighting       | |  1.5
Stealth        | |  1.5

Action                     |  1- 3 |  4- 6 || total
---------------------------+-------+-------++-------
   Fire: Shortbow          |   100 |     7 ||   107
    Use: Scroll            |     3 |     1 ||     4
         Potion            |     1 |       ||     1
 Armour: Robe              |     2 |     6 ||     8
  Dodge: Dodged            |    17 |     9 ||    26

Table legend:
 A = Non-vault XP
 B = Vault XP
 C = Vault XP percentage of total XP
 D = Non-vault monster count
 E = Vault monster count
 F = Vault count percentage of total count
                 A         B        C        D         E       F
            +---------+---------+-------+---------+---------+-------
      Total |     141 |       0 |   0.0 |      50 |       0 |   0.0
            +---------+---------+-------+---------+---------+-------
        D:1 |      43 |       0 |   0.0 |      25 |       0 |   0.0
        D:2 |      30 |       0 |   0.0 |      13 |       0 |   0.0
        D:3 |      68 |       0 |   0.0 |      12 |       0 |   0.0
            +---------+---------+-------+---------+---------+-------
